 Dungeon Crawl Stone Soup version 0.27-a0-1308-gc08437e49b (webtiles) character file.

Game seed: 2671572442164310163

79 Sobieck the Ducker (level 4, -5/23 HPs)
             Began as a Spriggan Berserker on June 18, 2021.
             Was a Priest of Trog.
             Slain by a goblin (6 damage)
             ... led by Robin
             ... on level 3 of the Dungeon.
             The game lasted 00:03:48 (3412 turns).

Sobieck the Ducker (Spriggan Berserker)             Turns: 3412, Time: 00:03:48

Health: -5/23      AC:  2    Str: 14    XL:     4   Next: 17%
Magic:  5/5        EV: 18    Int:  8    God:    Trog [***...]
Gold:   142        SH:  0    Dex: 14    Spells: 3/3 levels left

rFire    . . .     SeeInvis +   a - +0 falchion {long}
rCold    . . .     Faith    .   (shield restricted)
rNeg     . . .     Spirit   .   b - +0 animal skin
rPois    .         Reflect  .   (helmet restricted)
rElec    .         Harm     .   (no cloak)
rCorr    .         Rampage  .   (gloves unavailable)
Will     .....                  (boots unavailable)
Stlth    +.........             (no amulet)
HPRegen  0.07/turn              (no ring)
MPRegen  0.09/turn              (no ring)

@: on berserk cooldown, slowed, quick
A: very small, no large weapons, unfitting armour, see invisible, speed 3
a: Renounce Religion, Berserk, Trog's Hand


You were on level 3 of the Dungeon.
You worshipped Trog.
Trog was most pleased with you.
You visited 1 branch of the dungeon, and saw 4 of its levels.

You collected 142 gold pieces.


Innate Abilities, Weirdness & Mutations

You are very small and have problems with some larger weapons.
You are too small for most types of armour.
You have supernaturally acute eyesight. (SInv)
You cover ground extremely quickly. (Speed+++)


   Skills:
 + Level 2.9 Fighting
 * Level 3.4 Long Blades
 + Level 4.8 Dodging


You had 3 spell levels left.
You didn't know any spells.
Your spell library was empty.

Inventory:

Hand Weapons
 a - a +0 falchion (weapon) {long}
 i - a +2 whip of electrocution {mace}
   (You took it off a kobold on level 1 of the Dungeon)
Missiles
 c - 66 stones {throwing}
 d - 43 sling bullets
 f - 17 bolts
 j - 23 arrows
Armour
 b - a +0 animal skin (worn)
Potions
 e - a potion of attraction {!q}
 g - a potion of magic
 h - a potion of curing {@q1}
 k - 2 potions of haste {@q3}
 l - a potion of berserk rage {unknown}
 n - 2 potions of heal wounds {unknown}

Dungeon Overview and Level Annotations

Branches:
Dungeon (4/15)
 Temple: D:4-7

Altars:
Dithmenos
Elyvilon

Shops:
D:4 (

Annotations:
D:3 Robin

#.# .# #.#
##.#####
#.#
.......
#.# #....#
#.# #....#
#.# #....#
#.# #....#
#.###gg..#
#..)g@g..#
#.########
#.# ###


You could see Robin and 3 goblins.


Message History

Trog accepts your kill.
The hobgoblin completely misses you. 😎 HP[+1]
Your hp is fully restored (23).
You barely miss the hobgoblin. The hobgoblin hits you. 😕 HP[-2]
You take 2 damage, and now have 21/23 hp.
You hit the hobgoblin.
A goblin comes into view. It is wielding a +0 dagger.
The hobgoblin misses you.
You closely miss the hobgoblin. The hobgoblin hits you. 😕 HP[-1]
You take 1 damage, and now have 20/23 hp.
You hit the hobgoblin but do no damage. The hobgoblin closely misses you.
Robin roars a battlecry!
The goblins go into a battle-frenzy!
You hear a shout!
You barely miss the hobgoblin. The hobgoblin misses you.
You barely miss the hobgoblin.
A goblin comes into view. It is wielding a +0 dagger.
The hobgoblin hits you. 😮 HP[-5]
You take 5 damage, and now have 15/23 hp.
MASSIVE DAMAGE!! (PAUSE)
A red film seems to cover your vision as you go berserk!
You feel yourself moving faster!
You feel mighty! The hobgoblin misses you. 😮 HP[+8]
You now have 34 max hp (+11).
You regained 8 hp, and now have 23/34 hp.
You slash the hobgoblin!
You kill the hobgoblin!
Trog accepts your kill.
A goblin comes into view. It is wielding a +0 club.
You slash the goblin!
You kill the goblin!
Trog accepts your kill.
You hit the hobgoblin.
A goblin comes into view. It is wielding a +0 club.
The hobgoblin closely misses you.
You riposte.
The goblin shouts!
You slash the hobgoblin!
You kill the hobgoblin!
Trog accepts your kill.
A goblin comes into view. It is wielding a +0 dagger.
The goblin shouts!
The goblin hits you but does no damage. The goblin barely misses you.
Items here: )) †††.
You closely miss the goblin. Robin closely misses you.
You miss the goblin. The goblin hits you with a +0 club. The goblin misses you.
Robin barely misses you. 😮 HP[-2]
You take 2 damage, and now have 21/34 hp.
You barely miss the goblin. The goblin misses you.
The goblin completely misses you.
Robin throws the goblin at you! 😮 HP[-3]
You take 3 damage, and now have 18/34 hp.
You closely miss the goblin. The goblin hits you with a +0 dagger.
* * * LOW HITPOINT WARNING * * *
The goblin closely misses you.
You riposte.
You closely miss the goblin. 😨 HP[-1]
You take 1 damage, and now have 17/34 hp.
You hit the goblin.
You kill the goblin!
Trog accepts your kill. Robin closely misses you. The goblin barely misses you.
The goblin hits you but does no damage.
You slash the goblin!
You kill the goblin!
Trog accepts your kill. The goblin hits you with a +0 dagger.
* * * LOW HITPOINT WARNING * * *
Robin says, "Duck!"
Robin misses you. 😨 HP[-2]
You take 2 damage, and now have 15/34 hp.
You are no longer berserk.
You are exhausted.
You feel yourself slow down. The goblin hits you but does no damage.
The goblin misses you.
Things that are here:
a +0 dagger {short}; a +0 dagger {short} 😨 HP[-5]
You now have 23 max hp (-11).
You hit Robin.
The goblin no longer looks unusually strong.
Robin hits you with a +0 spear.
* * * LOW HITPOINT WARNING * * *
The goblin closely misses you. The goblin hits you with a +0 club.
* * * LOW HITPOINT WARNING * * *
The goblin hits you with a +0 dagger.
* * * LOW HITPOINT WARNING * * *
Robin roars a battlecry!
The goblin goes into a battle-frenzy! 😱 HP[-8]
You take 8 damage, and now have 2/23 hp.
MASSIVE DAMAGE!! (PAUSE)
You hit Robin. The goblin hits you with a +0 club.
* * * LOW HITPOINT WARNING * * *
The goblin closely misses you. The goblin hits you with a +0 dagger.
You die...

Skill      XL: |  1  2 |
---------------+-------+-----
Long Blades    | 3 |  3.4
Fighting       | |  2.9
Dodging        | |  4.8

Action                   |  1- 3 |  4- 6 || total
-------------------------+-------+-------++-------
Melee: Falchion          |   163 |    21 ||   184
Invok: Berserk           |     5 |     2 ||     7
  Use: Scroll            |     5 |       ||     5
 Stab: Sleeping          |     2 |       ||     2
Armor: Animal skin       |    15 |     3 ||    18
Dodge: Dodged            |   144 |    23 ||   167
       Rpst.: Falchion   |    37 |     4 ||    41

Levels and vault maps discovered:
D:1:      onia_arrival_pyramid, layout_basic,
          ebering_ecumenical_altar_abandoned, minmay_misc_feat_square
D:2:      layout_basic
D:3:      layout_basic, evilmike_ruin_ashenzari, nicolae_overflow_hidden_temple,
          amcnicky_altar_gilded, uniq_sigmund, uniq_robin
D:4:      layout_basic, eat_drink_and_be_merry_uskayaw, serial_shops,
          nicolae_shop_crystal

Notes
Turn   | Place    | Note
-------+----------+-------------------------------------------
     0 | D:1      | Sobieck the Spriggan Berserker began the quest for the Orb.
     0 | D:1      | Reached XP level 1. HP: 11/11 MP: 2/2
     0 | D:1      | magus.rc [v1.9.6]
   153 | D:1      | Reached XP level 2. HP: 14/16 MP: 3/3
   421 | D:1      | Found a faded altar of an unknown god.
   646 | D:1      | Reached ** piety under Trog
   648 | D:1      | Reached skill level 3 in Long Blades
   820 | D:1      | Reached XP level 3. HP: 19/19 MP: 4/4
  3031 | D:3      | Found a shadowy altar of Dithmenos.
  3039 | D:3      | Reached XP level 4. HP: 23/23 MP: 5/5
  3158 | D:3      | Found a white marble altar of Elyvilon.
  3163 | D:4      | Found Vidd's Weapon Shoppe.
  3378 | D:3      | Noticed Robin
  3392 | D:3      | Reached *** piety under Trog
  3411 | D:3      | HP: 4/23 [goblin[Robin] (5)]
  3412 | D:3      | HP: 1/23 [goblin[Robin] (2)]
  3412 | D:3      | Slain by a goblin

Vanquished Creatures
  2 worms (D:3)
  A dart slug (D:1)
  9 ball pythons
  6 endoplasms
  2 giant cockroaches
  7 goblins
  11 hobgoblins
  3 quokkas
  8 bats
  4 frilled lizards
  8 kobolds
  6 rats
67 creatures vanquished.

Table legend:
 A = Non-vault XP
 B = Vault XP
 C = Vault XP percentage of total XP
 D = Non-vault monster count
 E = Vault monster count
 F = Vault count percentage of total count
                 A         B        C        D         E       F
            +---------+---------+-------+---------+---------+-------
      Total |      99 |      15 |  13.2 |      59 |       8 |  11.9
            +---------+---------+-------+---------+---------+-------
        D:1 |      47 |       0 |   0.0 |      31 |       0 |   0.0
        D:2 |      36 |       0 |   0.0 |      23 |       0 |   0.0
        D:3 |      16 |      15 |  48.4 |       5 |       8 |  61.5
            +---------+---------+-------+---------+---------+-------

Illustrated notes

Table legend:
 A = Kills in this place as a percentage of kills in entire the game.
 B = Kills by you in this place as a percentage of kills by you in the entire game.
 C = Kills by friends in this place as a percentage of kills by friends in the entire game.
 D = Other kills in this place as a percentage of other kills in the entire game.
 E = Experience gained in this place as a percentage of experience gained in the entire game.
 F = Experience gained in this place divided by the number of levels of this place that you have seen.
                   A       B       C       D       E      F
               +-------+-------+-------+-------+-------+----------------------
         Total | 100.0 | 100.0 |   N/A |   N/A | 100.0 |  28.5
       Dungeon | 100.0 | 100.0 |   N/A |   N/A | 100.0 |  28.5
               +-------+-------+-------+-------+-------+----------------------

Table legend: (Time is in decaauts)
 A = Elapsed time spent in this place.
 B = Non-inter-level travel time spent in this place.
 C = Inter-level travel time spent in this place.
 D = Time resting spent in this place.
 E = Time spent auto-exploring this place.
 F = Levels seen in this place.
 G = Mean time per level.
                   A        B        C        D        E       F      G
               +--------+--------+--------+--------+--------+-----+--------+
         Total |   2767 |   2651 |    116 |   1028 |   1247 |   4 |  691.8 |
       Dungeon |   2767 |   2651 |    116 |   1028 |   1247 |   4 |  691.8 |
               +--------+--------+--------+--------+--------+-----+--------+

Top non-repeatable levels by time:
     D:1: 1112 daAuts
     D:2: 1096 daAuts
     D:3: 432 daAuts
     D:4: 126 daAuts
